 Dungeon Crawl Stone Soup version 0.28.0-43-g3370ac3207 (webtiles) character file.

Game seed: 17454892055429527355

224 Ablot the Grasshopper (level 6, -1/50 HPs)
             Began as a Gnoll Warper on Mar 12, 2022.
             Slain by Pikel
             ... wielding a +0 whip of freezing
              (3 damage)
             ... on level 3 of the Dungeon on Mar 13, 2022.
             The game lasted 00:04:23 (3112 turns).

Ablot the Grasshopper (Gnoll Warper)                Turns: 3112, Time: 00:04:24

Health: -1/50      AC:  6    Str: 12    XL:     6   Next: 0%
Magic:  13/13      EV: 13    Int: 18    God:
Gold:   136        SH:  0    Dex: 14    Spells: 13/15 levels left

rFire   + . .      SeeInvis .   a - +1 spear of Glory {flame, rF+ Dex+2}
rCold   . . .      Faith    .   (no shield)
rNeg    . . .      Spirit   .   b - +0 leather armour
rPois   .          Reflect  .   (no helmet)
rElec   .          Harm     .   (no cloak)
rCorr   .          Rampage  .   (no gloves)
Will    .....                   i - +2 pair of boots
Stlth   ++........              h - amulet of magic regeneration
HPRegen 0.16/turn               o - +6 ring of intelligence
MPRegen 0.53/turn               (no ring)

@: no status effects
A: fangs 1, strong nose, distributed training
a: no special abilities


You were on level 3 of the Dungeon.
You visited 1 branch of the dungeon, and saw 4 of its levels.

You collected 136 gold pieces.

Inventory:

Hand Weapons
 a - the +1 spear of Glory (weapon) {flame, rF+ Dex+2}
   (You took it off a kobold on level 3 of the Dungeon)

   It burns those it strikes, dealing additional fire damage.
   Dex:       It affects your dexterity (+2).
   rF:        It protects you from fire.
Missiles
 d - 5 boomerangs of dispersal
 e - 22 bolts
 f - 60 sling bullets
 l - 39 stones
 p - 9 poisoned darts (quivered)
 t - 6 boomerangs
Armour
 b - a +0 leather armour (worn)
 i - a +2 pair of boots (worn)
Magical Staves
 u - a staff of conjuration
Jewellery
 h - an amulet of magic regeneration (around neck)
 o - a +6 ring of intelligence (left hand)
Wands
 r - a wand of paralysis (9)
Scrolls
 c - a scroll of blinking
 g - 2 scrolls of vulnerability {unknown}
 j - a scroll of fear {unknown}
 m - a scroll of noise {unknown}
 q - a scroll of teleportation {unknown}
 s - a scroll of magic mapping {unknown}
Potions
 k - a potion of heal wounds {unknown}
 n - a potion of attraction {unknown}


   Skills:
 + Level 4.9 Fighting
 + Level 1.7 Short Blades
 + Level 1.7 Long Blades
 + Level 1.7 Axes
 + Level 1.7 Maces & Flails
 + Level 4.9 Polearms
 + Level 1.7 Staves
 + Level 1.7 Slings
 + Level 1.7 Bows
 + Level 1.7 Crossbows
 + Level 3.1 Throwing
 + Level 3.1 Armour
 + Level 4.9 Dodging
 + Level 1.7 Stealth
 + Level 1.7 Shields
 + Level 1.7 Unarmed Combat
 + Level 5.2 Spellcasting
 + Level 1.3 Conjurations
 + Level 1.3 Hexes
 + Level 1.3 Summonings
 + Level 1.3 Necromancy
 + Level 5.6 Translocations
 + Level 1.3 Transmutations
 + Level 1.3 Fire Magic
 + Level 1.3 Ice Magic
 + Level 1.3 Air Magic
 + Level 1.3 Earth Magic
 + Level 1.3 Poison Magic
 + Level 1.9 Invocations
 + Level 1.7 Evocations


You had 13 spell levels left.
You knew the following spells:

 Your Spells              Type           Power      Damage    Failure   Level
a - Blink                 Tloc           48%        N/A       2%          2

Your spell library contained the following spells:

 Spells                   Type           Power      Damage    Failure   Level
 Gell's Gravitas          Tloc           24%        N/A       4%          3
 Lesser Beckoning         Tloc           24%        N/A       4%          3
 Teleport Other           Tloc           24%        N/A       4%          3
 Shock                    Conj/Air       36%        1d5       10%         1
 Summon Small Mammal      Summ           36%        N/A       10%         1
 Call Canine Familiar     Summ           9%         N/A       28%         3
 Summon Guardian Golem    Hex/Summ       9%         N/A       28%         3
 Swiftness                Air            9%         N/A       28%         3
 Manifold Assault         Tloc           24%        N/A       41%         5
 Airstrike                Air            4%         N/A       67%         4


Dungeon Overview and Level Annotations

Branches:
Dungeon (4/15)
 Temple: D:4-7

Altars:
Sif Muna

Annotations:
D:3 Pikel


Innate Abilities, Weirdness & Mutations

You have very sharp teeth.
Your uncanny sense of smell can sniff out nearby items.
Your experience applies equally to all skills.


Message History

There is a stone staircase leading up here.
Pikel hits you with a +0 whip of freezing.
Pikel freezes you.
Pikel hits you with a +0 whip of freezing!
Pikel freezes you.
* * * LOW HITPOINT WARNING * * *
You climb upwards.
There is a stone staircase leading down here.
Casting: Blink (safe; 2% risk of failure)
Confirm with . or Enter, or press ? or * to list all spells.
You blink.
You closely miss Pikel. Your punch misses Pikel. Your bite misses Pikel.
Pikel is heavily wounded.
Pikel barely misses you.
You hit Pikel but do no damage.
Pikel is heavily wounded.
Pikel hits you with a +0 whip of freezing.
* * * LOW HITPOINT WARNING * * *
Pikel freezes you.
* * * LOW HITPOINT WARNING * * *
Unknown command.
Throw: 10 darts (poison)
Press: ? - help, Q - select action, (/) - cycle Shift-Dir - straight line, f - Pikel
Aim: Pikel, wielding a +0 whip of freezing and wearing a +0 robe (heavily wounded, fast, poisoned, 55% to hit)
You throw a poisoned dart. The poisoned dart hits Pikel.
Pikel looks even sicker.
Pikel is heavily wounded.
Pikel misses you.
Pikel hits you with a +0 whip of freezing.
* * * LOW HITPOINT WARNING * * *
Pikel freezes you.
* * * LOW HITPOINT WARNING * * *
You feel stable enough to blink again.
Casting: Blink (safe; 2% risk of failure)
Confirm with . or Enter, or press ? or * to list all spells.
You blink.
Pikel completely misses you.
You feel stable enough to blink again.
Pikel hits you with a +0 whip of freezing.
You die...

############ #..........#
############.##.......#
###.........##.##.......#####
......#####.##.##...........#
###...# #.##.##.......###.# #
##### ##....K@........##.# #
#...............##.# #
#.###.#).#####..##.# # #.#
#.###.....#.##.### #
##.###.###.....#......# #
###...................#.### #
#.....>...#........#..#....
#######.#..###..............#.###
........#..# ####†#####..#.##.#


You could see Pikel (fast, poisoned).

Vanquished Creatures
  A howler monkey (D:3)
  A hound (D:4)
  An orc priest (D:1)
  Jessica (D:2)
  4 adders
  A worm (D:2)
  4 dart slugs
  3 orcs (D:1)
  5 bats
  An endoplasm (D:3)
  2 giant cockroaches
  9 goblins
  5 hobgoblins
  2 quokkas (D:3)
  4 ball pythons
  A frilled lizard (D:2)
  3 kobolds
  3 rats
51 creatures vanquished.

Vanquished Creatures (others)
  A fungus (D:2)
  A plant (D:2)
2 creatures vanquished.

Grand Total: 53 creatures vanquished

Notes
Turn   | Place    | Note
-------+----------+-------------------------------------------
     0 | D:1      | Ablot the Gnoll Warper began the quest for the Orb.
     0 | D:1      | Reached XP level 1. HP: 20/20 MP: 6/6
   368 | D:1      | Reached XP level 2. HP: 26/26 MP: 7/7
   371 | D:1      | Learned a level 2 spell: Blink
   974 | D:1      | Reached skill level 1 in Short Blades
   974 | D:1      | Reached skill level 1 in Long Blades
   974 | D:1      | Reached skill level 1 in Axes
   974 | D:1      | Reached skill level 1 in Maces & Flails
   974 | D:1      | Reached skill level 1 in Staves
   974 | D:1      | Reached skill level 1 in Slings
   974 | D:1      | Reached skill level 1 in Bows
   974 | D:1      | Reached skill level 1 in Crossbows
   974 | D:1      | Reached skill level 1 in Stealth
   974 | D:1      | Reached skill level 1 in Shields
   974 | D:1      | Reached skill level 1 in Unarmed Combat
   974 | D:1      | Reached skill level 5 in Spellcasting
   974 | D:1      | Reached skill level 1 in Invocations
   974 | D:1      | Reached skill level 1 in Evocations
   974 | D:1      | Reached XP level 3. HP: 4/31 MP: 7/9
  1262 | D:1      | Reached XP level 4. HP: 11/38 MP: 11/11
  1532 | D:2      | Noticed Jessica
  1545 | D:2      | Killed Jessica
  1546 | D:2      | Reached skill level 1 in Conjurations
  1546 | D:2      | Reached skill level 1 in Hexes
  1546 | D:2      | Reached skill level 1 in Summonings
  1546 | D:2      | Reached skill level 1 in Necromancy
  1546 | D:2      | Reached skill level 1 in Transmutations
  1546 | D:2      | Reached skill level 1 in Fire Magic
  1546 | D:2      | Reached skill level 1 in Ice Magic
  1546 | D:2      | Reached skill level 1 in Air Magic
  1546 | D:2      | Reached skill level 1 in Earth Magic
  1546 | D:2      | Reached skill level 1 in Poison Magic
  1604 | D:2      | Found a shimmering blue altar of Sif Muna.
  1804 | D:2      | Found a faded altar of an unknown god.
  2092 | D:3      | Identified the +1 spear of Glory {flame, rF+ Dex+2}
  2101 | D:3      | Reached XP level 5. HP: 34/43 MP: 12/12
  3058 | D:4      | Reached XP level 6. HP: 48/50 MP: 13/13
  3082 | D:4      | Noticed Pikel
  3106 | D:3      | HP: 2/50 [Pikel/+0 whip of freezing (6)]
  3112 | D:3      | Slain by Pikel

Illustrated notes

Levels and vault maps discovered:
D:1:      erik_arrival_triangle_large, layout_loops_ring
D:2:      layout_rooms, basic_altar, shapermc_ecumenical_altar_mp_ritualfount,
          uniq_jessica
D:3:      layout_loops_ring
D:4:      layout_cave_pods, uniq_menkaure, uniq_edmund, uniq_pikel,
          uniq_blork_the_orc

Skill      XL: |  1  2  3  4  5 |
---------------+----------------+-----
Short Blades   | 1 |  1.7
Long Blades    | 1 |  1.7
Axes           | 1 |  1.7
Maces & Flails | 1 |  1.7
Staves         | 1 |  1.7
Slings         | 1 |  1.7
Bows           | 1 |  1.7
Crossbows      | 1 |  1.7
Stealth        | 1 |  1.7
Shields        | 1 |  1.7
Unarmed Combat | 1 |  1.7
Spellcasting   | 5 |  5.2
Invocations    | 1 |  1.9
Evocations     | 1 |  1.7
Conjurations   | 1 |  1.3
Hexes          | 1 |  1.3
Summonings     | 1 |  1.3
Necromancy     | 1 |  1.3
Transmutations | 1 |  1.3
Fire Magic     | 1 |  1.3
Ice Magic      | 1 |  1.3
Air Magic      | 1 |  1.3
Earth Magic    | 1 |  1.3
Poison Magic   | 1 |  1.3
Throwing       | 3 |  3.1
Armour         | 3 |  3.1
Fighting       | |  4.9
Polearms       | |  4.9
Dodging        | |  4.9
Translocations | |  5.6

Action                   |  1- 3 |  4- 6 || total
-------------------------+-------+-------++-------
Melee: Spear             |    96 |   149 ||   245
       Bite              |     5 |    12 ||    17
       Punch             |     1 |     3 ||     4
Throw: Dart              |       |     4 ||     4
 Cast: Blink             |       |     3 ||     3
 Stab: Sleeping          |       |     4 ||     4
Armor: Leather armour    |    24 |    42 ||    66
Dodge: Dodged            |    37 |    91 ||   128
